 Dungeon Crawl Stone Soup version 0.30-a0-626-gd6a5dd7a1f (webtiles) character file.

Game seed: 13418708050287880624

1663 BaabKaare the Chopper (level 9, -10/68 HPs)
             Began as a Human Fighter on Jan 11, 2023.
             Was a Believer of the Shining One.
             Mangled by a gnoll sergeant
             ... wielding a +0 spear
              (11 damage)
             ... on level 6 of the Dungeon.
             The game lasted 00:14:11 (6690 turns).

BaabKaare the Chopper (Human Fighter)               Turns: 6690, Time: 00:14:12

Health: -10/68     AC:  8    Str: 21    XL:     9   Next: 20%
Magic:  10/10      EV: 10    Int:  9    God:    the Shining One [**....]
Gold:   291        SH:  5    Dex: 12    Spells: 9/10 levels left

rFire   . . .      SeeInvis .    a - +0 war axe
rCold   . . .      Faith    .    c - +0 buckler
rNeg    + . .      Spirit   .    b - +0 scale mail
rPois   .          Reflect  .    (no helmet)
rElec   .          Harm     .    (no cloak)
rCorr   .          Rampage  .    (no gloves)
Will    +....                    u - +0 pair of boots Stlth
                                 (no amulet)
HPRegen 0.31/turn                q - +4 ring of slaying
MPRegen 0.12/turn                x - ring of willpower

@: glowing
A: no striking features
a: Renounce Religion, Divine Shield


You were on level 6 of the Dungeon.
You worshipped the Shining One.
The Shining One was pleased with you.
You visited 1 branch of the dungeon, and saw 7 of its levels.

You collected 291 gold pieces.

Inventory:

Hand Weapons
 a - a +0 war axe (weapon)
Armour
 b - a +0 scale mail (worn)
 c - a +0 buckler (worn)
 u - a +0 pair of boots (worn)
Magical Staves
 g - a staff of poison
Jewellery
 q - a +4 ring of slaying (left hand)
 x - a ring of willpower (right hand)
Wands
 w - a wand of light (5)
 D - a wand of paralysis (7)
Scrolls
 e - 2 scrolls of noise {unknown}
 i - 4 scrolls of immolation {unknown}
 j - 2 scrolls of fog {unknown}
 m - 2 scrolls of enchant armour {unknown}
 n - 6 scrolls of identify {unknown}
 o - 6 scrolls of teleportation {unknown}
 r - a scroll of poison {unknown}
 s - a scroll of enchant weapon {unknown}
 t - 3 scrolls of brand weapon {unknown}
 y - a scroll of magic mapping {unknown}
 C - a scroll of amnesia {unknown}
Potions
 d - 2 potions of might
 h - 4 potions of resistance {unknown}
 k - 2 potions of attraction {unknown}
 l - 3 potions of mutation {unknown}
 p - a potion of lignification {unknown}
 v - 2 potions of degeneration {unknown}
 z - a potion of cancellation {unknown}
 A - a potion of ambrosia {unknown}
 B - a potion of flight {unknown}


   Skills:
 + Level 5.2 Fighting
 + Level 7.6 Axes
 + Level 5.7 Armour
 + Level 1.4 Dodging
 + Level 1.0 Stealth
 + Level 4.1 Shields
 + Level 1.2 Spellcasting
 + Level 0.2 Hexes
 + Level 1.7 Poison Magic
 + Level 1.2 Invocations
 + Level 1.0 Evocations


You had 9 spell levels left.
You knew the following spells:

 Your Spells              Type           Power      Damage    Failure   Level
a - Slow                  Hex            4%         N/A       73%         1

Your spell library contained the following spells:

 Spells                   Type           Power      Damage    Failure   Level
 Cigotuvi's Dreadful Rot  Necr/Pois/Air  2%         N/A       82%         2
 Confusing Touch          Hex            1%         N/A       97%         3
 Vampiric Draining        Necr           0%         2d6       98%         3
 Dispel Undead            Necr           0%         3d6       100%        4
 Death Channel            Necr           0%         N/A       100%        6


Dungeon Overview and Level Annotations

Branches:
Dungeon (7/15)
 Temple: D:4-7

Altars:
Makhleb
Ru
Yredelemnul
Zin
The Shining One


Message History

You see here a +0 whip.
You barely miss the gnoll. You hit the gnoll.
You kill the gnoll!
You hit the gnoll sergeant.
The gnoll sergeant hits you with a +0 spear!
The gnoll closely misses you.
A centaur comes into view.
The centaur shouts!
You slash the gnoll!
The gnoll is severely wounded.
You barely miss the gnoll sergeant.
The gnoll sergeant hits you with a +0 spear.
The gnoll hits you with a +0 halberd.
* * * LOW HITPOINT WARNING * * *
The gnoll sergeant hits you with a +0 spear.
* * * LOW HITPOINT WARNING * * *
The gnoll closely misses you. You block the gnoll sergeant's attack.
The gnoll hits you from afar with a +0 halberd.
* * * LOW HITPOINT WARNING * * *
The gnoll sergeant hits you with a +0 spear.
* * * LOW HITPOINT WARNING * * *
The gnoll hits you with a +0 halberd.
* * * LOW HITPOINT WARNING * * *
There is an open door, spattered with blood here.
You see here a +0 whip.
The gnoll sergeant attacks as you move away!
You block the gnoll sergeant's attack. x2; The gnoll barely misses you.
The centaur wields a +0 shortbow.
The centaur shoots an arrow.
The arrow completely misses you. The gnoll sergeant barely misses you.
The gnoll hits you but does no damage.
You hit the gnoll sergeant.
The gnoll sergeant is moderately wounded.
You block the gnoll sergeant's attack.
The gnoll hits you from afar with a +0 halberd.
* * * LOW HITPOINT WARNING * * *
You hit the gnoll sergeant but do no damage.
The gnoll sergeant is moderately wounded.
The gnoll sergeant hits you with a +0 spear!
You die...

#[#.###.#####.#.##.
#.#.##.............
#...(.........#.##.
###.>.......###.#..
..#.......#.# #.##'
#.#.#####.#.# #.#..
#.#.......#.# #....
#######.#########.#
###..
......(.@.........#
#..
#######g###########
### ##g#########
#).........#
#..........#
#..........#
#..........#
#..........#
#..........#


You could see a gnoll sergeant and a gnoll.

Vanquished Creatures
  Sigmund (D:4)
  A water moccasin (D:6)
  2 black bears (D:5)
  An ice beast (D:5)
  An ogre (D:5)
  A phantom (D:7)
  Blork the orc (D:4)
  4 necrophages
  2 scorpions
  A howler monkey (D:4)
  A jelly (D:5)
  A hound (D:6)
  2 orc priests
  2 iguanas
  An orc wizard (D:5)
  6 gnolls
  11 adders
  2 ufetubi (D:6)
  4 worms
  4 dart slugs
  12 orcs
  4 bats
  8 endoplasms
  2 giant cockroaches (D:1)
  5 hobgoblins
  7 jackals
  4 kobolds
  5 quokkas
  7 ball pythons
  A frilled lizard (D:2)
  6 goblins
  3 rats
113 creatures vanquished.

Vanquished Creatures (others)
  A plant (D:3)
1 creature vanquished.

Grand Total: 114 creatures vanquished

Notes
Turn   | Place    | Note
-------+----------+-------------------------------------------
     0 | D:1      | BaabKaare the Human Fighter began the quest for the Orb.
     0 | D:1      | Reached XP level 1. HP: 18/18 MP: 1/1
   319 | D:1      | Reached XP level 2. HP: 23/24 MP: 2/2
   954 | D:1      | Reached XP level 3. HP: 26/29 MP: 3/3
  1409 | D:2      | Reached XP level 4. HP: 35/35 MP: 4/4
  1419 | D:2      | Reached skill level 3 in Axes
  1775 | D:2      | You fall into a shaft and drop 1 floor!
  1864 | D:3      | Reached XP level 5. HP: 41/41 MP: 5/5
  1896 | D:2      | Identified the +7 dagger "Fouwy" {holy, Str+2 Int+4}
  2287 | D:3      | Reached skill level 1 in Poison Magic
  2848 | D:3      | Found a faded altar of an unknown god.
  2853 | D:3      | Prayed at the altar of an unknown god.
  2853 | D:3      | Became a worshipper of the Shining One
  2853 | D:3      | Reached * piety under the Shining One
  3192 | D:4      | Reached XP level 6. HP: 37/48 MP: 6/6
  3195 | D:4      | Reached skill level 4 in Axes
  3203 | D:4      | Noticed Blork the orc
  3212 | D:4      | Killed Blork the orc
  3213 | D:4      | Reached skill level 1 in Spellcasting
  3552 | D:5      | Entered Level 5 of the Dungeon
  3718 | D:4      | Reached skill level 1 in Evocations
  3718 | D:4      | Reached XP level 7. HP: 52/53 MP: 8/8
  3719 | D:4      | Noticed Sigmund
  3732 | D:4      | Killed Sigmund
  3733 | D:4      | Reached skill level 1 in Invocations
  3882 | D:5      | Reached skill level 5 in Axes
  4097 | D:4      | Found a sacrificial altar of Ru.
  4394 | D:5      | Reached skill level 1 in Dodging
  4597 | D:5      | Reached XP level 8. HP: 47/60 MP: 9/9
  4672 | D:5      | Reached skill level 6 in Axes
  5242 | D:5      | Reached skill level 5 in Armour
  5360 | D:5      | Found a glowing silver altar of Zin.
  6049 | D:6      | Found a basalt altar of Yredelemnul.
  6049 | D:6      | Found a burning altar of Makhleb.
  6255 | D:6      | Learned a level 1 spell: Slow
  6301 | D:7      | Reached ** piety under the Shining One
  6310 | D:7      | Reached skill level 5 in Fighting
  6310 | D:7      | Reached skill level 7 in Axes
  6407 | D:6      | Reached XP level 9. HP: 67/68 MP: 10/10
  6479 | D:6      | Reached skill level 1 in Stealth
  6670 | D:6      | HP: 1/68 [gnoll/+0 spear[a gnoll sergeant] (3)]
  6684 | D:6      | HP: 2/68 [gnoll/+0 halberd[a gnoll sergeant] (6)]
  6689 | D:6      | HP: 1/68 [gnoll/+0 halberd[a gnoll sergeant] (3)]
  6690 | D:6      | Mangled by a gnoll sergeant

Illustrated notes

Levels and vault maps discovered:
D:1:      dpeg_arrival_refuge, layout_basic
D:2:      layout_rooms
D:3:      layout_basic, ebering_ecumenical_altar_hall, kennysheep_nub,
          serial_bayou_ford_a, nicolae_wormholes
D:4:      layout_loops_ring, nicolae_ru_sacrificial_ziggurat,
          uniq_blork_the_orc, uniq_sigmund
D:5:      layout_loops_ring, mainiacjoe_overflow_chevrons,
          kennysheep_generic_room_14
D:6:      layout_basic, gammafunk_temple_overflow_wave
D:7:      layout_basic, lemuel_coloured_pillars_altar,
          minmay_temple_entry_antechambers, uniq_duvessa

Skill      XL: |  1  2  3  4  5  6  7  8  9 |
---------------+----------------------------+-----
Axes           | 3 4 5 7 |  7.6
Poison Magic   | 1 |  1.7
Armour         | 4 5 |  5.7
Spellcasting   | 1 |  1.2
Evocations     | 1 |  1.0
Invocations    | 1 |  1.2
Fighting       | 4 5 |  5.2
Dodging        | 1 |  1.4
Shields        | 4 |  4.1
Stealth        | 1 |  1.0
Hexes          | |  0.2

Action                   |  1- 3 |  4- 6 |  7- 9 || total
-------------------------+-------+-------+-------++-------
Melee: War axe           |    68 |   115 |   129 ||   312
  Use: Potion            |       |       |     2 ||     2
 Stab: Distracted        |       |     1 |       ||     1
Armor: Scale mail        |    29 |    56 |    48 ||   133
Dodge: Dodged            |    32 |    66 |    52 ||   150
Block: Buckler           |    22 |    27 |    38 ||    87

Table legend: (Time is in decaauts)
 A = Elapsed time spent in this place.
 B = Non-inter-level travel time spent in this place.
 C = Inter-level travel time spent in this place.
 D = Time resting spent in this place.
 E = Time spent auto-exploring this place.
 F = Levels seen in this place.
 G = Mean time per level.
                   A        B        C        D        E       F      G
               +--------+--------+--------+--------+--------+-----+--------+
         Total |   6808 |   6701 |    107 |   2677 |   2475 |   7 |  972.6 |
       Dungeon |   6808 |   6701 |    107 |   2677 |   2475 |   7 |  972.6 |
               +--------+--------+--------+--------+--------+-----+--------+

Top non-repeatable levels by time:
     D:5: 1792 daAuts
     D:1: 1335 daAuts
     D:3: 1144 daAuts
     D:4: 1100 daAuts
     D:2: 776 daAuts
     D:6: 627 daAuts
     D:7: 31 daAuts
